 Dungeon Crawl Stone Soup version 0.31-a0-112-gdf0485fa37 (webtiles) character file.

Game seed: 7235982214171013727

796874 Bnni the Invulnerable (level 27, -3/218 (222) HPs)
             Began as a Formicid Earth Elementalist on May 27, 2023.
             Was the Champion of Cheibriados.
             Engulfed by a putrid mouth's foul pestilence (10 damage)
             ... on level 7 of Tartarus on May 28, 2023.
             The game lasted 06:23:41 (81925 turns).

Bnni the Invulnerable (FoEE)                       Turns: 81925, Time: 06:23:41

HP:   -3/218 (222)  AC: 44    Str: 35      XL:     27
MP:   47/47         EV: 13    Int: 50 (51) God:    Cheibriados [******]
Gold: 4345          SH: 35    Dex: 30 (32) Spells: 5/67 levels left

rFire   + + .        a - staff of earth
rCold   + + .        J - +18 shield of the Gong {Loud rN+ Will+ rCorr EV-5}
rNeg    + + +        q - +10 crystal plate armour {rC+}
rPois   +            (helmet unavailable)
rElec   +            C - +2 cloak "Gothre Keud" {rC+ Int+3 Slay+3}
rCorr   +            h - +2 pair of gloves "Utajod" {rF+}
SInv    +            c - +0 pair of boots of Loulyu {rElec Str+3 Dex+3}
Will    ++...        m - amulet of Internal Strife {Faith rF+ rN+ Regen+ Str+2} Stlth
                     g - ring "Hiof" {*Slow rPois Will+ Int+6}
HPRegen 1.36/turn    P - ring of positive energy
MPRegen 0.30/turn

%: slow self (1%), faith
@: lethally poisoned (-3 -> -11), wreathed by umbra, studying 3 skills, lightly
drained, weak-willed, very slow
A: permanent stasis, dig shafts and tunnels, antennae 3, four strong arms,
deformed body, deterioration 1
}: 6/15 runes: serpentine, barnacled, slimy, silver, iron, abyssal
a: Dig, Shaft Self, Renounce Religion, Bend Time, Temporal Distortion, Slouch,
Step From Time


You were on level 7 of Tartarus.
You worshipped Cheibriados.
Cheibriados was exalted by your worship.
You visited 15 branches of the dungeon, and saw 71 of its levels.
You visited the Abyss 1 time.
You also visited: Gauntlet, Ice Cave, Volcano and Wizlab.

You collected 11192 gold pieces.
You spent 6847 gold pieces at shops.

Inventory:

Hand Weapons
 I - a +4 heavy lajatang
 Z - a +1 heavy bardiche
Missiles
 b - 4 throwing nets
 x - 15 curare-tipped darts
Armour
 c - the +0 pair of boots of Loulyu (worn) {rElec Str+3 Dex+3}
   (You found it on level 4 of the Dungeon)

   Str:       It affects your strength (+3).
   Dex:       It affects your dexterity (+3).
   rElec:     It insulates you from electricity.
 h - the +2 pair of gloves "Utajod" (worn) {rF+}
   (You found it on level 4 of the Lair of Beasts)

   rF:        It protects you from fire.
 q - a +10 crystal plate armour of cold resistance (worn)
 u - a +1 tower shield of reflection
 C - the +2 cloak "Gothre Keud" (worn) {rC+ Int+3 Slay+3}
   (You took it off a draconian monk on level 3 of the Realm of Zot)

   Int:       It affects your intelligence (+3).
   Slay:      It affects your accuracy & damage with ranged weapons and melee
   (+3).
   rC:        It protects you from cold.
 J - the +18 shield of the Gong (worn) {Loud rN+ Will+ rCorr EV-5}
   (You bought it in a shop on level 2 of the Orcish Mines)

   Loud:      It is deafeningly noisy when blocking attacks.
   EV:        It affects your evasion (-5).
   rN:        It protects you from negative energy.
   rCorr:     It protects you from acid and corrosion.
   Will:      It increases your willpower.
Magical Staves
 a - a staff of earth (weapon)
 X - a staff of death
Jewellery
 e - a ring of wizardry
 g - the ring "Hiof" (left hand) {*Slow rPois Will+ Int+6}
   (You found it on level 1 of the Crypt)

   [ring of intelligence]

   Int:       It affects your intelligence (+6).
   rPois:     It protects you from poison.
   *Slow:     It may slow you when you take damage.
   Will:      It increases your willpower.
 m - the amulet of Internal Strife (around neck) {Faith rF+ rN+ Regen+ Str+2}
   (You took it off a nagaraja on level 1 of the Snake Pit)

   [amulet of faith]

   It allows you to gain divine favour quickly.
   Str:       It affects your strength (+2).
   rF:        It protects you from fire.
   rN:        It protects you from negative energy.
   Regen:     It increases your rate of health regeneration.
 t - the ring of Spontaneous Combustion {rPois rF+ Int+2}
   (You found it on level 5 of the Dungeon)

   [ring of poison resistance]

   Int:       It affects your intelligence (+2).
   rF:        It protects you from fire.
   rPois:     It protects you from poison.
 N - a ring of resist corrosion
 P - a ring of positive energy (right hand)
 W - a ring of protection from cold
 Y - the ring "Fotzafop" {AC+4 Int+3}
   (You found it on level 5 of the Vaults)

   [ring of protection]

   AC:        It affects your AC (+4).
   Int:       It affects your intelligence (+3).
Wands
 i - a wand of digging (35)
 y - a wand of roots (81)
 F - a wand of light (4)
Scrolls
 f - 12 scrolls of poison
 k - 6 scrolls of enchant weapon
 n - 4 scrolls of fear
 p - 12 scrolls of immolation
 r - 7 scrolls of magic mapping
 A - a scroll of brand weapon
 H - 11 scrolls of fog
 Q - 3 scrolls of silence
 U - 3 scrolls of amnesia
 V - 3 scrolls of summoning
Potions
 j - 9 potions of attraction
 l - 23 potions of curing
 o - 8 potions of might
 s - 14 potions of brilliance
 v - 4 potions of resistance
 D - 6 potions of mutation
 E - 2 potions of heal wounds
 G - 2 potions of magic
 L - 2 potions of cancellation
 M - 4 potions of invisibility
 T - 8 potions of enlightenment
Miscellaneous
 d - a box of beasts
 K - a tin of tremorstones (2/2)
 O - a phial of floods
 R - a phantom mirror
 S - a lightning rod (4/4)


   Skills:
 + Level 24.0 Fighting
 + Level 7.8 Polearms
 O Level 27 Armour
 + Level 10.9 Dodging
 - Level 2.4 Stealth
 + Level 17.5 Shields
 * Level 20.5 Spellcasting
 - Level 12.0 Conjurations
 - Level 12.0 Summonings
 * Level 20.9 Necromancy
 - Level 14.0 Transmutations
 - Level 26.9 Earth Magic
 - Level 13.0 Invocations
 - Level 4.0 Evocations


You had 5 spell levels left.
You knew the following spells:

 Your Spells              Type           Power      Damage    Failure   Level
a - Haunt                 Necr/Summ      60%        N/A       1%          7
b - Passwall              Tmut/Erth      100%       N/A       0%          2
c - Lehudib's Crystal Sp  Conj/Erth      76%        10d17     3%          8
d - Irradiate             Conj/Tmut      55%        3d30      1%          5
e - Leda's Unmaking       Conj/Erth      76%        9d12      1%          6
f - Borgnjor's Vile Clut  Necr/Erth      81%        N/A       0%          5
g - Animate Armour        Summ/Erth      100%       N/A       0%          4
h - Shatter               Erth           85%        3d61*     2%          9
i - Yara's Violent Unrav  Hex/Tmut       44%        3d17      2%          5
r - Borgnjor's Revivific  Necr           65%        N/A       1%          8
s - Sublimation of Blood  Necr           100%       N/A       0%          2
x - Apportation           Tloc           100%       N/A       1%          1

Your spell library contained the following spells:

 Spells                   Type           Power      Damage    Failure   Level
 Beastly Appendage        Tmut           100%       N/A       0%          1
 Kiss of Death            Conj/Necr      100%       2d13      0%          1
 Magic Dart               Conj           100%       1d8       0%          1
 Necrotise                Necr           100%       1d9       0%          1
 Sandblast                Erth           100%       2d20      0%          1
 Wereblood                Tmut           100%       N/A       0%          2
 Stone Arrow              Conj/Erth      100%       3d13      0%          3
 Animate Dead             Necr           100%       N/A       0%          4
 Dispel Undead            Necr           100%       3d31      0%          4
 Petrify                  Tmut/Erth      100%       N/A       0%          4
 Agony                    Necr           100%       N/A       0%          5
 Foxfire                  Conj/Fire      100%       2x1d9     1%          1
 Freeze                   Ice            100%       1d10      1%          1
 Sting                    Tmut/Pois      100%       1d8       1%          1
 Call Imp                 Summ           100%       N/A       1%          2
 Cigotuvi's Dreadful Rot  Necr/Pois/Air  100%       N/A       1%          2
 Momentum Strike          Conj/Tloc      100%       3d10      1%          2
 Searing Ray              Conj           100%       2d8       1%          2
 Static Discharge         Conj/Air       100%       2-7/arc   1%          2
 Dazzling Flash           Conj/Hex       100%       N/A       1%          3
 Hailstorm                Conj/Ice       84%        3d17      1%          3
 Ignite Poison            Fire/Tmut/Pois 78%        N/A       1%          3
 Mephitic Cloud           Conj/Pois/Air  74%        N/A       1%          3
 Spider Form              Tmut/Pois      88%        N/A       1%          3
 Anguish                  Hex/Necr       51%        N/A       1%          4
 Flame Wave               Conj/Fire      84%        2d18      1%          4
 Fulminant Prism          Conj/Hex       42%        3d19      1%          4
 Leda's Liquefaction      Hex/Erth       67%        N/A       1%          4
 Sticky Flame             Conj/Fire      84%        2d10      1%          4
 Summon Lightning Spire   Summ/Air       84%        N/A       1%          4
 Blade Hands              Tmut           56%        N/A       1%          5
 Iskenderun's Battlesphe  Conj           100%       2d15      1%          5
 Ensorcelled Hibernation  Hex/Ice        100%       N/A       2%          2
 Lesser Beckoning         Tloc           100%       N/A       2%          2
 Poisonous Vapours        Pois/Air       100%       N/A       2%          2
 Alistair's Intoxication  Tmut/Pois      58%        N/A       2%          5
 Arcjolt                  Conj/Air       42%        1d52      3%          5
 Fireball                 Conj/Fire      42%        3d17      3%          5
 Summon Forest            Summ/Tloc      42%        N/A       3%          5
 Summon Mana Viper        Hex/Summ       84%        N/A       3%          5
 Confusing Touch          Hex            50%        N/A       4%          3
 Frozen Ramparts          Ice            100%       1d16      4%          3
 Gell's Gravitas          Tloc           50%        N/A       4%          3
 Inner Flame              Hex/Fire       50%        N/A       4%          3
 Ozocubu's Armour         Ice            50%        N/A       4%          3
 Portal Projectile        Hex/Tloc       100%       N/A       4%          3
 Teleport Other           Tloc           50%        N/A       4%          3
 Tukima's Dance           Hex            50%        N/A       4%          3
 Volatile Blastmotes      Fire/Tloc      100%       2d18      4%          3
 Freezing Cloud           Conj/Ice/Air   37%        6-21      9%          5
 Airstrike                Air            25%        2d(4-20)  16%         4
 Cause Fear               Hex            25%        N/A       16%         4
 Manifold Assault         Tloc           50%        N/A       16%         4
 Olgreb's Toxic Radiance  Pois           50%        N/A       16%         4
 Passage of Golubria      Tloc           50%        N/A       16%         4
 Metabolic Englaciation   Hex/Ice        25%        N/A       41%         5
 Silence                  Hex/Air        25%        N/A       41%         5
 Death Channel            Necr           65%        N/A       1%          6
 Statue Form              Tmut/Erth      100%       N/A       1%          6
 Summon Cactus Giant      Summ           53%        N/A       1%          6
 Infestation              Necr           65%        N/A       1%          8
 Simulacrum               Ice/Necr       51%        N/A       3%          6
 Dragon Form              Tmut           56%        N/A       4%          7
 Necromutation            Tmut/Necr      61%        N/A       8%          8
 Orb of Destruction       Conj           53%        9d13      10%         7
 Summon Hydra             Summ           53%        N/A       10%         7
 Eringya's Noxious Bog    Tmut/Pois      44%        N/A       14%         6
 Conjure Ball Lightning   Conj/Air       42%        3x3d15    21%         6
 Starburst                Conj/Fire      42%        6d12      21%         6
 Death's Door             Necr           65%        N/A       30%         9
 Storm Form               Tmut/Air       44%        N/A       58%         7
 Summon Horrible Things   Summ           53%        N/A       58%         8
 Dispersal                Tloc           25%        N/A       94%         6
 Plasma Beam              Fire/Air       25%        2x1d41    94%         6
 Ozocubu's Refrigeration  Ice            25%        4d13      100%        7
 Discord                  Hex            25%        N/A       100%        8
 Disjunction              Tloc           25%        N/A       100%        8
 Ignition                 Fire           25%        3d8       100%        8
 Maxwell's Capacitive Co  Air            25%        ∞         100%        8
 Chain Lightning          Conj/Air       42%        3d56      100%        9
 Dragon's Call            Summ           53%        N/A       100%        9
 Fire Storm               Conj/Fire      42%        8d11      100%        9
 Polar Vortex             Ice            25%        N/A       100%        9
 Blink                    Tloc           Unusable   N/A       N/A         2
 Swiftness                Air            Unusable   N/A       N/A         3
 Vhi's Electric Charge    Tloc/Air       Unusable   N/A       N/A         3

Dungeon Overview and Level Annotations

Branches:
Dungeon (15/15)            Temple (1/1) D:7            Lair (5/5) D:11
 Shoals (4/4) Lair:2        Snake (4/4) Lair:2        Slime (5/5) Lair:5
    Orc (2/2) D:11            Elf (3/3) Orc:2        Vaults (5/5) D:14
  Crypt (3/3) Vaults:3       Tomb (0/3) Crypt:3      Depths (4/4) D:15
   Hell (visited)             Dis (7/7) Hell            Geh (0/7) Hell
    Coc (0/7) Hell            Tar (7/7) Hell            Zot (5/5) Depths:4
  IceCv (visited)         Volcano (visited)          WizLab (visited)
Gauntlet (visited)

Altars:
Ashenzari
Cheibriados
Dithmenos
Elyvilon
Fedhas
Gozag
Hepliaklqana
Kikubaaqudgha
Makhleb
Okawaru
Qazlal
Ru
Sif Muna
Trog
Vehumet
Xom
Yredelemnul
Zin
The Shining One

Shops:
D:3 =   D:8 [   D:11 (   Orc:2 [!?=   Elf:1 [   Elf:2 *   Elf:3 (   Shoals:3 =
Snake:2 !=?*   Snake:4 =[=?   Vaults:1 (   Vaults:2 :   Vaults:4 *   Vaults:5 (
Depths:3 =::

Portals:
Hell: Depths:1 Depths:2 Depths:3 Depths:4
Abyss: Depths:1 Depths:3 Depths:4
Pandemonium: Depths:1 Depths:2
Ziggurat: Depths:4

Annotations:
Elf:2 3 runed translucent doors


Innate Abilities, Weirdness & Mutations

You cannot be hasted, slowed, berserked, paralysed or teleported.
You can dig through walls and to a lower floor.
You have a pair of large antennae on your head. (SInv)
Your four strong arms can wield two-handed weapons with a shield.
Armour fits poorly on your strangely shaped body.
Your body sometimes deteriorates upon taking damage.


Message History

The zombie hands constrict the bone dragon.
The bone dragon struggles to escape constriction.
You block the profane servitor's attack.
GONNNNG!
You block the profane servitor's attack.
GONNNNG!
You barely miss the profane servitor.
You hit the profane servitor but do no damage.
The profane servitor is almost destroyed.
The zombie hands constrict the bone dragon!
You block the profane servitor's attack.
PANG!
You block the profane servitor's attack.
GONNNNG!
The bone dragon struggles to escape constriction.
You block the profane servitor's attack.
SHROANNG!
The profane servitor hits you but does no damage.
You hear a shout!
You swap places.
The zombie hands constrict the bone dragon!!!
The profane servitor hits your animated crystal plate armour with a +3 whip! x2
The bone dragon struggles to escape constriction.
The profane servitor hits your animated crystal plate armour but does no damage. x2
The bone dragon escapes!
The profane servitor hits your animated crystal plate armour with a +3 whip! x2
Unknown command.
The profane servitor hits your animated crystal plate armour with a +3 whip!!
The profane servitor hits your animated crystal plate armour but does no damage.
The putrid mouth throws miasma at you.
The foul vapour engulfs the profane servitor.
The profane servitor completely resists.
Your animated crystal plate armour barely misses the profane servitor.
Your animated crystal plate armour completely misses the profane servitor.
Casting: Animate Armour (safe; 0% risk of failure)
Confirm with . or Enter, or press ? or * to list all spells.
You draw magical energy from your own body!
You are engulfed in dark miasma.
You are lethally poisoned!
You die...

.°○.............
○.......○(#
.......°#○#
......{##○#
....... #D#
....... #W#
....... #A#
....... #[#
....... #@# #○#
#○# {{ #.# #.#
#.# #.# #.# {{
#.# {{


You could see a bone dragon, a profane servitor (distracted, weak-willed, ally
target), a putrid mouth and a friendly animated crystal plate armour (summoned).

Vanquished Creatures
  the Royal Jelly (Slime:5)
  Dispater (Dis:7)
  3 dread liches
  Khufu (Crypt:3)
  2 ancient liches
  2 orbs of fire (Zot:5)
  A juggernaut (Dis:7)
  A royal mummy (Crypt:3)
  4 Killer Klowns (Zot:5)
  Margery (Depths:4)
  Frederick (Depths:4)
  A curse toe (Zot:4)
  30 caustic shrikes
  2 golden dragons
  2 profane servitors
  Nikola (Vaults:2)
  3 electric golems
  7 iron giants
  5 bone dragons
  9 tentacled monstrosities
  8 Tzitzimimeh
  9 doom hounds
  A Brimstone Fiend (Dis:6)
  A walking crystal tome (Depths:3)
  3 spectral shard shrikes
  2 liches
  An Ice Fiend (Snake:4)
  14 tainted leviathans
  2 deep elf master archers (Elf:3)
  11 Hell Sentinels
  13 Orb Guardians (Zot:5)
  Asterion (Snake:3)
  3 titans (Vaults:5)
  A walking earthen tome (WizLab)
  2 walking divine tomes
  3 quicksilver dragons
  2 deep elf blademasters (Elf:3)
  9 acid blobs
  An Executioner (Abyss:2)
  26 ancient champions
  7 death cobs
  5 tengu reavers
  7 tentacled starspawn
  A sphinx (Vaults:4)
  12 storm dragons
  2 strange machines (WizLab)
  9 shadow dragons
  7 azure jellies
  5 nagarajas
  2 rockslimes
  10 fire giants
  4 draconian monks
  2 revenants
  5 draconian knights
  7 frost giants
  10 quicksilver elementals
  3 iron dragons
  12 vault wardens
  4 deep elf sorcerers
  A balrug (Hell)
  2 spectral caustic shrikes
  Aizul (Snake:3)
  4 draconian shifters
  2 spectral juggernauts (Tar:2)
  6 draconian scorchers
  7 deep elf elementalists (Elf:3)
  3 ghost moths
  7 draconian annihilators
  30 war gargoyles
  7 reapers
  4 draconian stormcallers
  A juggernaut skeleton (Crypt:1)
  3 caustic shrike skeletons (Crypt:3)
  21 ironbound preservers
  6 quicksilver oozes
  2 ghouls
  8 very ugly things
  4 formless jellyfish
  4 ironbound thunderhulks
  12 green draconians
  12 stone giants
  2 black draconians (Zot:3)
  4 lorocyprocas
  3 starcursed masses
  2 vampire knights
  7 purple draconians
  5 deep elf demonologists
  12 putrid mouths
  7 red draconians
  5 deep elf annihilators (Elf:3)
  A dire elephant (Lair:5)
  2 white draconians (Zot:3)
  2 spark wasps (Depths:3)
  4 yellow draconians
  A minotaur (Gauntlet)
  15 iron golems
  2 eidola
  3 merfolk javelineers
  A blizzard demon (Hell)
  11 ettins
  3 crystal guardians
  9 deep elf death magi
  6 merfolk impalers
  11 great orbs of eyes
  4 deep elf high priests
  7 fire dragons
  2 spectral quicksilver dragons
  9 hydras
  4 jiangshi
  7 spectral spriggans
  21 vault guards
  An entropy weaver (Vaults:2)
  13 yaktaur captains
  A spectral fenstrider witch (Tar:2)
  A quicksilver dragon skeleton (Crypt:3)
  A peacekeeper (Vaults:4)
  Fannar (Orc:2)
  3 ice dragons
  7 rakshasas
  A spriggan air mage (Depths:3)
  4 boulder beetles
  8 ironbound frosthearts
  A catoblepas (D:14)
  3 spectral stone giants (Tar:2)
  5 anacondas
  2 spriggan skeletons
  13 centaur warriors
  An alligator snapping turtle (Shoals:3)
  15 naga warriors
  3 death knights
  An ogre mage (Vaults:5)
  A merfolk avatar (Shoals:2)
  8 two-headed ogres
  37 dancing weapons
  3 satyrs (Shoals:4)
  A tengu warrior (Depths:3)
  3 death yaks (Lair:5)
  7 deep troll shamans
  3 hell hogs (Hell)
  5 deep troll earth magi
  3 thrashing horrors (Abyss:3)
  4 vampire magi
  7 naga sharpshooters
  3 orc high priests (Orc:2)
  7 spriggan berserkers
  Nergalle (Orc:1)
  14 crystal echidnas
  7 sun demons
  5 shock serpents
  6 spectral nagas
  A titan zombie (Crypt:3)
  4 soul eaters
  5 spriggans
  An emperor scorpion zombie (Crypt:2)
  Sonja (Lair:2)
  4 deep elf knights
  3 titan skeletons (Crypt:3)
  13 skeletal warriors
  4 iron trolls (Depths:3)
  13 shadow wraiths
  18 hell knights
  5 skysharks
  2 wretched stars
  6 sea snakes
  A skyshark (shapeshifter) (Vaults:4)
  A sixfirhy (Gauntlet)
  A storm dragon skeleton (Vaults:4)
  A death drake (shapeshifter) (Vaults:5)
  3 naga ritualists
  6 glowing orange brains
  A spectral anaconda (Tar:2)
  2 spriggan simulacra
  An orange crystal statue (Snake:1)
  An anaconda zombie (Hell)
  A glowing orange brain (shapeshifter) (D:15)
  3 lindwurms
  Pikel (D:4)
  2 bog bodies
  12 harpies
  39 deep trolls
  A flayed ghost (Depths:3)
  2 nameless horrors
  18 ironbound convokers
  4 spectral hydras
  15 wizards
  11 deep elf archers
  7 mana vipers
  An anaconda skeleton (Crypt:3)
  23 deep elf zephyrmancers
  2 golden dragon skeletons (Crypt:3)
  7 large abominations
  6 phantasmal warriors
  A bunyip skeleton (Crypt:3)
  27 deep elf pyromancers
  A fenstrider witch simulacrum (Hell)
  18 necromancers
  5 orc knights
  A tengu zombie (Vaults:4)
  A wolf spider (D:14)
  4 orc sorcerers (Orc:2)
  7 cyclopes
  A stone giant zombie (Vaults:5)
  9 salamanders
  An oklob plant (Abyss:3)
  5 fauns (Shoals:4)
  26 ugly things
  3 shining eyes
  A spectral ettin (Tar:1)
  An iron dragon skeleton (Crypt:3)
  An eye of devastation (Slime:5)
  9 elephants (Lair:5)
  9 manticores
  19 moths of wrath
  5 merfolk sirens
  8 elf zombies
  An apocalypse crab (Abyss:2)
  Maurice (Orc:2)
  4 ice statues
  9 naga magi
  6 rust devils
  A water nymph (shapeshifter) (Vaults:5)
  3 gargoyles
  3 guardian serpents (Snake:1)
  4 water nymphs
  17 vault sentinels
  An orange demon (Depths:1)
  8 smoke demons
  3 centaur skeletons
  28 black mambas
  A centaur zombie (Crypt:2)
  9 komodo dragons
  11 cane toads
  3 dire elephant skeletons
  5 rime drakes
  An unseen horror (D:12)
  15 yaktaurs
  9 hellions
  A kobold demonologist (Depths:3)
  A rime drake (shapeshifter) (Vaults:5)
  2 elves (Vaults:2)
  A pale draconian zombie (Crypt:2)
  9 tormentors
  5 anaconda simulacra (IceCv)
  8 freezing wraiths
  An ancient zyme (Abyss:2)
  8 ice devils
  A spectral deep troll (Crypt:2)
  A red devil (Depths:1)
  An iron giant simulacrum (Hell)
  4 silent spectres
  2 spectral harpies
  2 tengu conjurers
  A harpy zombie (Hell)
  A golden dragon simulacrum (Vaults:5)
  A queen bee (D:13)
  3 meliai (D:13)
  6 trolls
  A tyrant leech (Gauntlet)
  28 merfolk
  8 hornets
  6 polar bears
  A queen bee (shapeshifter) (D:14)
  A moth of wrath zombie (Crypt:2)
  A hornet (shapeshifter) (Elf:3)
  A harpy skeleton (Crypt:3)
  5 wind drakes
  A tarantella (shapeshifter) (Vaults:5)
  23 blink frogs
  4 snapping turtles (Shoals:4)
  16 dream sheep
  A fire giant simulacrum (Vaults:2)
  45 slime creatures
  2 spriggan zombies
  8 centaur simulacra
  4 air elementals
  3 ettin skeletons
  A spectral black mamba (Tar:1)
  A flying skull (Crypt:1)
  2 shadows (D:11)
  9 wraiths
  2 ynoxinuls (Depths:1)
  13 water elementals
  2 wyverns
  A vampire (D:11)
  A hog (shapeshifter) (Abyss:3)
  A fire dragon skeleton (Crypt:2)
  A dire elephant simulacrum (IceCv)
  44 yaks
  A chaos spawn (Abyss:2)
  2 fire elementals
  A redback (Vaults:2)
  4 golden eyes
  2 basilisks
  4 vampire mosquitoes
  6 steam dragons
  3 wargs
  27 nagas
  A glowing shapeshifter zombie (Vaults:5)
  3 harpy simulacra
  A naga (shapeshifter) (Elf:1)
  An acid dragon (D:11)
  3 hydra simulacra
  4 swamp worms (Gauntlet)
  A swamp worm (shapeshifter) (Vaults:5)
  9 water moccasins
  A hell hound (Volcano)
  A cane toad skeleton (Crypt:3)
  5 ice beasts
  27 orc warriors
  3 naga skeletons (Crypt:3)
  A black bear (Lair:1)
  5 ogres
  4 boggarts (Lair:4)
  A wolf (shapeshifter) (Depths:2)
  30 wolves
  18 centaurs
  2 phantoms
  4 kobold brigands
  11 bullfrogs
  A cane toad simulacrum (IceCv)
  3 gnoll sergeants
  A human simulacrum (Depths:1)
  A small abomination (Abyss:1)
  3 earth elementals
  3 scorpions
  19 wights
  A raiju zombie (Crypt:3)
  45 killer bees
  A howler monkey (D:12)
  A polar bear skeleton (Crypt:3)
  14 electric eels
  4 lava snakes (Lair:2)
  2 jellies
  3 human zombies
  20 orc priests
  A wyvern simulacrum (Gauntlet)
  A gnoll bouda (D:8)
  4 hounds
  8 iguanas
  A black bear skeleton (Crypt:2)
  A sleepcap (D:6)
  Ijyb (D:4)
  24 orc wizards
  A polar bear simulacrum (IceCv)
  A boggart simulacrum (D:14)
  2 mummies (Crypt:3)
  21 gnolls
  8 adders
  3 naga simulacra
  3 shadow imps
  A white imp (D:6)
  6 ufetubi
  An adder skeleton (Crypt:3)
  2 worms (D:2)
  A dart slug (D:1)
  96 orcs
  3 ball pythons
  9 endoplasms
  3 giant cockroaches
  9 hobgoblins
  4 jackals
  19 kobolds
  4 quokkas
  10 bats
  6 frilled lizards
  8 goblins
  A goblin zombie (Crypt:2)
  A jackal zombie (Crypt:1)
  5 rats
  A creeping inferno (Zot:1)
  2 fire vortices
  6 starspawn tentacles
2275 creatures vanquished.

Vanquished Creatures (collateral kills)
  2 dread liches (Zot:5)
  4 juggernauts
  Mara (Snake:3)
  An ancient lich (Depths:1)
  The ghost of Wyzoinim the Gargoyle Porcupine, a legendary GrMo of Okawaru (Zot:3)
  The ghost of Otwuhy the Gargoyle Barricade, a master GrBe of Trog (Zot:2)
  The ghost of Zijastu the Axe Maniac, a veteran MiBe of Trog (Crypt:1)
  5 Killer Klowns (Zot:5)
  5 caustic shrikes
  Geryon (Hell)
  The ghost of MrShunz the Dancer, a veteran VSBr of Uskayaw (Zot:5)
  2 profane servitors
  10 bone dragons
  5 golden dragons
  5 iron giants
  An electric golem (Zot:5)
  3 doom hounds
  A spectral shard shrike (Tar:5)
  A Tzitzimitl (Tar:7)
  A tentacled monstrosity (Zot:4)
  Jorgrun (Snake:2)
  An Ice Fiend (Dis:6)
  6 Hell Sentinels
  12 Orb Guardians (Zot:5)
  2 liches
  A walking frostbound tome (Depths:3)
  A quicksilver dragon (Zot:1)
  A tainted leviathan (Tar:7)
  3 titans (Vaults:5)
  11 ancient champions
  A death cob (Zot:4)
  6 acid blobs
  4 tentacled starspawn (Abyss:3)
  Polyphemus (Shoals:3)
  7 storm dragons
  6 shadow dragons
  A sphinx (Vaults:5)
  3 tengu reavers
  7 draconian monks
  6 azure jellies
  2 nagarajas (Snake:4)
  5 rockslimes
  Ilsuiw (Shoals:3)
  A quicksilver elemental (Dis:7)
  A revenant (Hell)
  2 fire giants (Depths:2)
  A draconian knight (Zot:3)
  6 frost giants
  6 iron dragons
  3 draconian shifters
  3 ghouls
  6 vault wardens
  2 orc warlords
  A cacodemon (Depths:1)
  5 ironbound preservers
  7 reapers (Hell)
  A caustic shrike skeleton (Crypt:3)
  13 war gargoyles
  5 quicksilver oozes
  2 vampire knights
  A formless jellyfish (Slime:5)
  3 ironbound thunderhulks
  6 very ugly things
  6 stone giants
  2 deep elf demonologists
  3 starflowers (Abyss:3)
  3 yellow draconians
  3 putrid mouths
  5 green draconians
  A white draconian (Zot:3)
  7 black draconians
  2 deep elf annihilators (Elf:3)
  2 red draconians
  9 iron golems
  4 purple draconians
  2 blizzard demons
  4 merfolk impalers
  3 ettins
  A spark wasp (Depths:3)
  5 eidola
  2 jiangshi (Crypt:1)
  A quicksilver dragon zombie (Hell)
  4 merfolk javelineers
  2 fire dragons
  An entropy weaver (Vaults:2)
  A deep elf death mage (Vaults:5)
  4 ice dragons
  2 great orbs of eyes
  A peacekeeper (Vaults:2)
  3 rakshasas
  3 salamander tyrants (Snake:4)
  17 vault guards
  An alligator snapping turtle (Shoals:4)
  A catoblepas (Shoals:3)
  An ogre mage (Vaults:5)
  2 ironbound frosthearts (Vaults:1)
  A merfolk aquamancer (Shoals:4)
  A centaur warrior (Vaults:1)
  2 spriggan skeletons
  An anaconda (shapeshifter) (Depths:3)
  2 death yaks (Shoals:3)
  3 naga warriors
  A dancing weapon (WizLab)
  4 hell hogs (Hell)
  An orc high priest (Orc:2)
  6 deep troll shamans
  6 deep troll earth magi
  A tengu warrior (Depths:1)
  A spectral dire elephant (Tar:5)
  2 thrashing horrors (Abyss:3)
  11 hell knights
  3 soul eaters (Hell)
  A spriggan berserker (Depths:2)
  A wretched star (Abyss:3)
  A spriggan (Depths:1)
  4 sun demons (Hell)
  4 iron trolls
  2 crystal echidnas
  11 skeletal warriors
  A salamander mystic (Snake:2)
  2 sea snakes (Shoals:4)
  A glowing orange brain (Zot:2)
  A storm dragon skeleton (Crypt:2)
  A deep troll (shapeshifter) (Depths:2)
  A shadow wraith (Vaults:5)
  25 deep trolls
  4 phantasmal warriors
  An obsidian statue (Zot:5)
  11 harpies
  A bog body (Crypt:2)
  A naga ritualist (Snake:2)
  3 flayed ghosts
  4 wizards
  A mana viper (Snake:4)
  4 orc knights
  A cyclops (shapeshifter) (Abyss:2)
  3 ugly things
  2 necromancers
  A spectral ettin (Tar:1)
  3 oklob plants (Abyss:3)
  A human zombie (Vaults:5)
  2 fauns (Shoals:4)
  4 manticores
  A stone giant skeleton (Crypt:1)
  A spectral centaur (Tar:2)
  2 salamanders (Snake:2)
  A naga mage (Snake:4)
  18 slime creatures
  A spectral iron troll (Crypt:2)
  2 vault sentinels
  4 black mambas
  A centaur zombie (Hell)
  4 moths of wrath
  A rust devil (Hell)
  A water nymph (Shoals:4)
  A smoke demon (Depths:1)
  A swamp worm zombie (Crypt:1)
  A yellow draconian zombie (Crypt:1)
  A tengu conjurer (Depths:1)
  7 yaktaurs
  An ice devil (Hell)
  7 freezing wraiths
  2 spectral deep trolls (Crypt:2)
  A tormentor (Dis:2)
  A spectral harpy (Tar:2)
  11 merfolk (Shoals:4)
  A wind drake (Shoals:4)
  2 hornets
  A harpy skeleton (Hell)
  2 dream sheep (Shoals:4)
  An iron dragon simulacrum (Crypt:1)
  A frost giant simulacrum (Depths:1)
  A great orb of eyes zombie (Crypt:2)
  5 flying skulls (Crypt:1)
  2 snapping turtles (Shoals:4)
  A dire elephant simulacrum (Hell)
  2 water elementals (Depths:3)
  A shadow (Abyss:3)
  A small abomination (Abyss:3)
  A naga simulacrum (Hell)
  2 ettin skeletons (Vaults:2)
  A golden eye (Slime:5)
  2 chaos spawn (Depths:1)
  7 nagas
  A demonspawn zombie (Crypt:1)
  3 hell hounds (Hell)
  A floating eye (Depths:3)
  2 large abominations
  4 orc warriors
  A glowing shapeshifter skeleton (Depths:1)
  4 starcursed masses (Abyss:3)
  2 necrophages (Crypt:2)
  2 wights (Crypt:3)
  An orc priest (Orc:2)
  2 orc wizards
  A nameless horror (Snake:2)
  A kobold (D:7)
  2 starspawn tentacles (Abyss:3)
605 creatures vanquished.

Vanquished Creatures (others)
  A draconian knight (Zot:3)
  An ironbound preserver (Vaults:4)
  A war gargoyle (Dis:7)
  A vampire knight (Hell)
  A naga warrior (Snake:1)
  A skyshark (Shoals:3)
  A deep troll (Vaults:2)
  2 orc knights (Orc:2)
  A wizard (Vaults:1)
  An ugly thing (Vaults:2)
  A moth of wrath (Zot:3)
  A naga mage (Snake:1)
  An orc warrior (Orc:2)
  A nameless horror (Snake:2)
  An orc (Orc:1)
  A fire vortex (Hell)
  26 starspawn tentacles
43 creatures vanquished.

Grand Total: 2923 creatures vanquished

Notes
Turn   | Place    | Note
-------+----------+-------------------------------------------
     0 | D:1      | Bnni the Formicid Earth Elementalist began the quest for
                  | the Orb.
     0 | D:1      | Reached XP level 1. HP: 13/13 MP: 3/3
    33 | D:1      | Reached XP level 2. HP: 14/20 MP: 0/5
    36 | D:1      | Learned a level 2 spell: Passwall
   451 | D:1      | Reached XP level 3. HP: 23/25 MP: 3/6
   457 | D:1      | Learned a level 3 spell: Stone Arrow
   488 | D:1      | Reached skill level 1 in Fighting
   826 | D:2      | Found a faded altar of an unknown god.
   885 | D:2      | Reached XP level 4. HP: 32/32 MP: 3/7
  1154 | D:2      | Reached XP level 5. HP: 36/38 MP: 1/9
  1387 | D:2      | Reached skill level 5 in Earth Magic
  2024 | D:3      | Found a broken altar of Ashenzari.
  2148 | D:3      | Found Eheocoe's Jewellery Emporium.
  2502 | D:3      | Reached XP level 6. HP: 44/46 MP: 6/10
  2507 | D:3      | Learned a level 4 spell: Petrify
  3048 | D:4      | Noticed Ijyb
  3054 | D:4      | Killed Ijyb
  3248 | D:4      | Reached skill level 1 in Conjurations
  3385 | D:4      | Identified the +0 pair of boots of Loulyu {rElec Str+3
                  | Dex+3}
  3400 | D:4      | Noticed Pikel
  3411 | D:4      | Killed Pikel
  3412 | D:4      | Reached XP level 7. HP: 14/54 MP: 2/11
  3412 | D:4      | Reached XP level 8. HP: 15/60 MP: 2/12
  3566 | D:4      | Learned a level 2 spell: Sublimation of Blood
  3903 | D:5      | Entered Level 5 of the Dungeon
  3981 | D:5      | Identified the ring of Spontaneous Combustion {rPois rF+
                  | Int+2}
  3991 | D:4      | Reached skill level 5 in Fighting
  4085 | D:5      | Reached XP level 9. HP: 30/68 MP: 8/13
  4463 | D:5      | Reached skill level 1 in Armour
  4468 | D:5      | Reached skill level 1 in Evocations
  4589 | D:5      | Reached skill level 10 in Earth Magic
  4683 | D:5      | Reached skill level 2 in Armour
  5262 | D:6      | Found a sacrificial altar of Ru.
  5262 | D:6      | Found a hazy altar of Hepliaklqana.
  5264 | D:6      | Found a shadowy altar of Dithmenos.
  5268 | D:6      | Reached skill level 3 in Armour
  5344 | D:6      | Identified the amulet of Wonder {Spirit rElec Int+3 Dex-2}
  5522 | D:6      | Noticed a gargoyle
  5576 | D:6      | Noticed a two-headed ogre
  5791 | D:6      | Reached skill level 4 in Armour
  6026 | D:6      | Found a shimmering altar of Xom.
  6310 | D:6      | Killed a gargoyle
  6311 | D:6      | Reached XP level 10. HP: 74/77 MP: 7/14
  6429 | D:6      | Killed a two-headed ogre
  6430 | D:6      | Reached skill level 5 in Armour
  6430 | D:6      | Reached skill level 5 in Conjurations
  6527 | D:7      | Identified the +1 chain mail of Beogh's Benevolence {+Blink
                  | Int-5 SInv}
  6845 | D:7      | Found a staircase to the Ecumenical Temple.
  6852 | Temple   | Entered the Ecumenical Temple
  6868 | Temple   | Became a worshipper of Cheibriados the Contemplative
  7080 | D:7      | Found a radiant altar of Vehumet.
  7080 | D:7      | Found an ancient bone altar of Kikubaaqudgha.
  7081 | D:7      | Found a shimmering blue altar of Sif Muna.
  7087 | D:7      | Got Kikubaaqudgha's Compilation of Evil Deeds
  7109 | D:7      | Reached skill level 6 in Armour
  7109 | D:7      | Reached skill level 1 in Invocations
  7364 | D:8      | Noticed a two-headed ogre
  7371 | D:7      | Reached * piety under Cheibriados
  7550 | D:7      | Reached skill level 1 in Shields
  8193 | D:7      | Reached XP level 11. HP: 31/84 MP: 9/15
  8429 | D:8      | Reached skill level 5 in Dodging
  8512 | D:8      | Killed a two-headed ogre
  8603 | D:8      | Reached ** piety under Cheibriados
  8645 | D:8      | Found Vywe Jul's Antique Armour Boutique.
  8697 | D:8      | Reached skill level 5 in Invocations
  9128 | D:9      | Reached skill level 7 in Armour
  9143 | D:9      | Reached *** piety under Cheibriados
  9942 | D:9      | Reached **** piety under Cheibriados
 10328 | D:10     | Entered Level 10 of the Dungeon
 10607 | D:10     | Found a bloodstained altar of Trog.
 10713 | D:10     | Reached ***** piety under Cheibriados
 10852 | D:10     | Noticed a deep elf pyromancer
 10861 | D:10     | Killed a deep elf pyromancer
 11429 | D:11     | Noticed a green ugly thing
 11439 | D:11     | Killed a green ugly thing
 11440 | D:11     | Reached XP level 12. HP: 89/94 MP: 10/17
 11542 | D:11     | Reached skill level 8 in Armour
 11694 | D:11     | Found a staircase to the Lair.
 11757 | D:11     | Learned a level 5 spell: Irradiate
 11852 | D:11     | Found a staircase to the Orcish Mines.
 11976 | D:11     | Noticed a five-headed hydra
 11986 | D:11     | Killed a five-headed hydra
 12153 | D:11     | Identified the +5 scale mail of the Bells {Rampage rF++}
 12305 | D:11     | Found Lanouk's Antique Weapon Shop.
 12451 | D:11     | Noticed a two-headed ogre
 12457 | D:11     | Killed a two-headed ogre
 12864 | D:12     | Reached skill level 1 in Necromancy
 12893 | D:12     | Reached ****** piety under Cheibriados
 13524 | D:12     | Reached skill level 10 in Invocations
 13661 | D:12     | Reached skill level 9 in Armour
 13731 | D:12     | Reached XP level 13. HP: 102/102 MP: 14/20
 14100 | D:13     | Found a frozen archway.
 14107 | D:13     | Reached skill level 5 in Transmutations
 14208 | IceCv    | Entered an ice cave
 14494 | IceCv    | Reached skill level 10 in Fighting
 15819 | D:13     | Noticed a centaur warrior
 15821 | D:13     | Noticed a four-headed hydra
 15824 | D:13     | Killed a centaur warrior
 15830 | D:13     | Killed a four-headed hydra
 15991 | D:13     | Reached skill level 10 in Armour
 16600 | D:13     | Reached XP level 14. HP: 100/111 MP: 16/23
 16783 | D:13     | HP: 4/113 [meliai/+0 broad axe (5)]
 17076 | D:14     | Noticed an ironbound preserver
 17077 | D:14     | Found a gate to the Vaults.
 17123 | Lair:1   | Entered Level 1 of the Lair of Beasts
 18603 | Lair:2   | Reached skill level 11 in Armour
 18650 | Lair:2   | Found a staircase to the Shoals.
 18789 | Lair:2   | Reached skill level 5 in Shields
 19007 | Lair:2   | Noticed Sonja
 19066 | Lair:2   | Killed Sonja
 19122 | Lair:2   | Identified the +6 quarterstaff of the Doomed Warrior
                  | {flame, Stlth+}
 19181 | Lair:2   | Found a staircase to the Snake Pit.
 21343 | Lair:4   | Identified the +2 pair of gloves "Utajod" {rF+}
 21405 | Lair:4   | Found a dark tunnel.
 21419 | Volcano  | Entered a volcano
 21940 | Lair:4   | Reached XP level 15. HP: 118/120 MP: 22/24
 22106 | Lair:4   | Reached skill level 12 in Armour
 22926 | Lair:5   | Entered Level 5 of the Lair of Beasts
 22926 | Lair:5   | Found a burning altar of Makhleb.
 23025 | Lair:4   | Reached skill level 5 in Necromancy
 23857 | Lair:5   | Found a staircase to the Slime Pits.
 23954 | Lair:5   | Reached skill level 5 in Spellcasting
 24362 | Lair:5   | Reached skill level 13 in Armour
 24362 | Lair:5   | Reached skill level 15 in Earth Magic
 24861 | Lair:5   | Identified the +9 trident "Uptam" {antimagic, Will++ Str-2
                  | Dex+3}
 25545 | Orc:1    | Entered Level 1 of the Orcish Mines
 25566 | Orc:1    | Noticed Nergalle
 25582 | Orc:1    | Killed Nergalle
 26087 | Orc:2    | Entered Level 2 of the Orcish Mines
 26112 | Orc:2    | Reached XP level 16. HP: 93/123 MP: 16/25
 26155 | Orc:1    | Noticed Fannar
 26174 | Orc:2    | Killed Fannar
 26808 | Orc:2    | Found a staircase to the Elven Halls.
 26845 | Orc:2    | Noticed Maurice
 26856 | Orc:2    | Killed Maurice
 27332 | Orc:2    | Found Zym Koiz's Antique Armour Shoppe.
 27336 | Orc:2    | Found Niymperap's Distillery.
 27387 | Orc:2    | Found Baehody's Magic Scroll Boutique.
 27389 | Orc:2    | Found Rusohod's Jewellery Shoppe.
 27959 | D:14     | Reached skill level 14 in Armour
 29605 | D:15     | Entered Level 15 of the Dungeon
 29640 | D:15     | Found a gate leading to a gauntlet.
 29644 | Gauntlet | Entered a Gauntlet
 29644 | Gauntlet | Found a transporter.
 29656 | Gauntlet | Found a transporter.
 29656 | Gauntlet | Found a transporter.
 29657 | Gauntlet | Found a transporter.
 29668 | Gauntlet | Found a transporter.
 29668 | Gauntlet | Found a transporter.
 29669 | Gauntlet | Found a transporter.
 29678 | Gauntlet | Found a transporter.
 29681 | Gauntlet | Found a transporter.
 29682 | Gauntlet | Found a transporter.
 29686 | Gauntlet | Found a runed translucent door.
 29688 | Gauntlet | Found a runed translucent door.
 29690 | Gauntlet | Found a transporter.
 29693 | Gauntlet | Found a transporter.
 29694 | Gauntlet | Found a transporter.
 29705 | Gauntlet | Found a transporter.
 30090 | Gauntlet | Identified the amulet of Ruvuogg {RegenMP SInv}
 30290 | D:15     | Reached skill level 10 in Shields
 30301 | D:15     | HP: 4/131 [rakshasa/lance of force (27)]
 30624 | D:15     | Identified the ring of the Eleven Persimmons {rPois Int-5
                  | Dex+3 Slay+2}
 31649 | D:15     | Found a staircase to the Depths.
 31934 | Snake:1  | Entered Level 1 of the Snake Pit
 31940 | Snake:1  | Reached skill level 15 in Armour
 32006 | Snake:1  | Reached XP level 17. HP: 126/137 MP: 17/27
 32127 | Snake:1  | Found a transporter.
 32332 | Snake:1  | Identified the amulet of Internal Strife {Faith rF+ rN+
                  | Regen+ Str+2}
 33097 | Snake:1  | Found a transporter.
 33352 | Snake:1  | Identified the +9 long sword of the Unkillable {freeze,
                  | Dex+3}
 33798 | Snake:1  | HP: 4/138 [naga warrior/+0 glaive (15)]
 34146 | Snake:1  | Learned a level 5 spell: Borgnjor's Vile Clutch
 34235 | Snake:1  | Got Sif Muna's Elucidation of the Fluctuating Mantle
 34248 | Snake:1  | Learned a level 4 spell: Animate Armour
 34453 | Snake:2  | Reached skill level 1 in Summonings
 35377 | Snake:2  | Found Zypih's Magic Scroll Boutique.
 35377 | Snake:2  | Found Boopn's General Store.
 35384 | Snake:2  | Found Aceec's Jewellery Shop.
 35396 | Snake:2  | Found Tiugucyc's Distillery.
 35396 | Snake:2  | Noticed Jorgrun
 35406 | Snake:2  | Killed Jorgrun
 35415 | Snake:2  | Bought a potion of curing for 42 gold pieces
 35415 | Snake:2  | Bought a potion of heal wounds for 70 gold pieces
 35415 | Snake:2  | Bought a potion of heal wounds for 70 gold pieces
 35424 | Snake:2  | Bought a scroll of enchant armour for 127 gold pieces
 35424 | Snake:2  | Bought a scroll of enchant armour for 127 gold pieces
 35739 | Snake:3  | Noticed Mara
 35757 | Snake:3  | Noticed Bnni's illusion
 35762 | Snake:3  | Killed Mara
 35775 | Snake:3  | Reached skill level 16 in Armour
 35790 | Snake:3  | Reached XP level 18. HP: 144/146 MP: 11/30
 35970 | Snake:3  | Noticed Aizul
 35977 | Snake:3  | Killed Aizul
 36161 | Snake:3  | Noticed Asterion
 36170 | Snake:3  | Killed Asterion
 36538 | Snake:4  | Entered Level 4 of the Snake Pit
 36694 | Snake:4  | Found Rufy's Magic Scroll Emporium.
 36694 | Snake:4  | Found Liceuc's Jewellery Shoppe.
 36695 | Snake:4  | Found Tuast's Antique Armour Shoppe.
 36716 | Snake:4  | Found Zypomor's Jewellery Emporium.
 36731 | Snake:4  | Bought a scroll of acquirement for 884 gold pieces
 36731 | Snake:4  | Acquired Soinnon's Elucidation of Mortuary Orientation
 36741 | Snake:4  | Learned a level 7 spell: Haunt
 37539 | Snake:4  | Noticed an Ice Fiend
 37548 | Snake:4  | Killed an Ice Fiend
 37661 | Snake:4  | Got a serpentine rune of Zot
 37976 | Shoals:1 | Entered Level 1 of the Shoals
 38034 | Shoals:2 | Reached skill level 5 in Summonings
 38263 | Shoals:3 | Noticed Polyphemus
 38283 | Shoals:3 | Killed Polyphemus
 38286 | Shoals:3 | Noticed Ilsuiw
 38296 | Shoals:3 | Killed Ilsuiw
 38524 | Shoals:3 | Found Vociut's Jewellery Shop.
 38997 | Shoals:2 | Learned a level 6 spell: Death Channel
 38999 | Shoals:2 | Learned a level 1 spell: Apportation
 39007 | Shoals:2 | Reached XP level 19. HP: 153/153 MP: 6/31
 39618 | Shoals:4 | Entered Level 4 of the Shoals
 39805 | Shoals:4 | Acquired 600 gold pieces
 39886 | Shoals:4 | Identified the staff of fire "Rois" {rF+ Int+5}
 39966 | Shoals:4 | Reached skill level 17 in Armour
 40105 | Shoals:4 | Got a barnacled rune of Zot
 40205 | Shoals:4 | Identified the +5 whip of Defence by Offence {venom, rF+}
 40240 | Shoals:4 | Identified the +8 dagger of Evuas {drain, Dex+3}
 40956 | Depths:1 | Entered Level 1 of the Depths
 40971 | Depths:1 | Reached skill level 15 in Fighting
 41780 | Depths:1 | Found a gateway to Hell.
 41911 | Depths:1 | Reached skill level 10 in Necromancy
 41981 | Depths:1 | Reached skill level 15 in Shields
 42109 | Depths:1 | Found a stormy altar of Qazlal.
 42167 | Depths:1 | Reached XP level 20. HP: 146/162 MP: 33/33
 42669 | Depths:1 | Noticed an ancient lich
 42674 | Depths:1 | Killed an ancient lich
 42682 | Depths:1 | Got Lidogi's Catalogue of Shapeshifting and Traumaturgy
 42736 | Depths:1 | Identified the +1 falchion of Xom's Anger {venom, Will+}
 42928 | Depths:1 | Found a one-way gate to the infinite horrors of the Abyss.
 42984 | Depths:1 | Found a one-way gate leading to the halls of Pandemonium.
 42991 | Depths:1 | Reached skill level 10 in Spellcasting
 43369 | Depths:2 | Noticed a caustic shrike
 43377 | Depths:2 | Killed a caustic shrike
 43476 | Depths:2 | Learned a level 6 spell: Leda's Unmaking
 43497 | Depths:2 | Noticed a golden dragon
 43497 | Depths:2 | Noticed a juggernaut
 43506 | Depths:2 | Killed a juggernaut
 43507 | Depths:2 | Reached skill level 18 in Armour
 43510 | Depths:2 | Killed a golden dragon
 43616 | Depths:2 | Identified the staff of cold "Hoyrch" {rPois rC+ rN+ Dex-2}
 43621 | Depths:2 | Got Lakenge's Teachings on Inconstant Bad Luck
 44055 | Depths:2 | Reached XP level 21. HP: 152/170 MP: 27/35
 45073 | Depths:3 | Noticed a juggernaut
 45088 | Depths:3 | Noticed a golden dragon
 45090 | Depths:3 | Killed a juggernaut
 45103 | Depths:3 | Killed a golden dragon
 46099 | Depths:3 | Found Dozxojep's Jewellery Shoppe.
 46099 | Depths:3 | Found Essunu Pilu's Book Shop.
 46100 | Depths:3 | Found Meamum's Book Shop.
 46455 | Depths:4 | Entered Level 4 of the Depths
 46620 | Depths:4 | Found a one-way gateway to a ziggurat.
 46751 | Depths:4 | Noticed a caustic shrike
 46751 | Depths:4 | Noticed a caustic shrike
 46751 | Depths:4 | Noticed a caustic shrike
 46754 | Depths:4 | Noticed a caustic shrike
 46759 | Depths:4 | Noticed a caustic shrike
 46759 | Depths:4 | Killed a caustic shrike
 46760 | Depths:4 | Reached XP level 22. HP: 141/179 MP: 35/37
 46761 | Depths:4 | Killed a caustic shrike
 46764 | Depths:4 | Killed a caustic shrike
 46765 | Depths:4 | Killed a caustic shrike
 46768 | Depths:4 | Killed a caustic shrike
 46871 | Depths:4 | Upgraded the game from 0.31-a0-105-gc0b45f0da6 to
                  | 0.31-a0-112-gdf0485fa37
 47017 | Depths:4 | Noticed Margery
 47030 | Depths:4 | Killed Margery
 47472 | Depths:4 | Noticed Frederick
 47483 | Depths:4 | Killed Frederick
 47721 | Depths:4 | Found a gate to the Realm of Zot.
 48012 | Vaults:1 | Entered Level 1 of the Vaults
 48025 | Vaults:1 | Found Zilie's Weapon Shoppe.
 48208 | Vaults:1 | Reached skill level 19 in Armour
 48220 | Vaults:1 | Identified the +1 chain mail "Noil" {Dex+2}
 48420 | Vaults:1 | Found a transporter.
 48463 | Vaults:1 | Found a transporter.
 48540 | Vaults:1 | Reached skill level 10 in Summonings
 48798 | Vaults:1 | Identified the ring "Zearghagh" {rF+ Str+2}
 48808 | Vaults:1 | Identified the ring "Iffyck" {rF+ Dex+6}
 48831 | Vaults:1 | Identified the +0 robe "Faosaur" {Str+6 Int-5}
 49040 | Vaults:1 | Reached XP level 23. HP: 140/187 MP: 19/39
 50616 | Vaults:2 | Noticed Nikola
 50624 | Vaults:2 | Killed Nikola
 50659 | Vaults:2 | Reached skill level 15 in Necromancy
 50979 | Vaults:2 | Found Bocwahoc's Book Emporium.
 50983 | Vaults:2 | Bought a book of Annihilations for 720 gold pieces
 50983 | Vaults:2 | Bought Sif Muna's Parchment of Shapeshifting and
                  | Contamination for 552 gold pieces
 51532 | Vaults:3 | Found a staircase to the Crypt.
 51532 | Vaults:3 | Found a basalt altar of Yredelemnul.
 51533 | Vaults:3 | Found an ancient bone altar of Kikubaaqudgha.
 52937 | Vaults:4 | Found a magical portal.
 52947 | WizLab   | Entered Tukima's Studio
 53036 | WizLab   | Identified the +8 hand crossbow of Modesty {speed, rF+
                  | Dex+2}
 53044 | WizLab   | Reached XP level 24. HP: 197/197 MP: 30/39
 53128 | WizLab   | Noticed Bnni's illusion
 53161 | WizLab   | Got the Handbook of Guile
 53194 | WizLab   | Noticed Bnni's illusion
 53211 | WizLab   | Identified the +1 robe "Piojo" {-Cast Fly Int-3 SInv}
 53780 | Vaults:4 | Identified the +0 pair of gloves of Kuqoeps {Harm Dex+2}
 53859 | Vaults:4 | Reached skill level 10 in Conjurations
 54720 | Vaults:4 | Found Enomeomo's General Store.
 55107 | Depths:3 | Bought a manual of Transmutations for 1360 gold pieces
 55442 | Crypt:1  | Entered Level 1 of the Crypt
 55596 | Crypt:1  | Reached skill level 20 in Armour
 55955 | Crypt:1  | Found a runed translucent door.
 55956 | Crypt:1  | Found a shimmering altar of Xom.
 55956 | Crypt:1  | Noticed Zijastu's ghost (veteran MiBe)
 55956 | Crypt:1  | Identified the +11 glaive "Utta" {chaos, rC- Int+2 Dex+4}
 56118 | Crypt:1  | Identified the ring "Hiof" {*Slow rPois Will+ Int+6}
 56626 | Crypt:1  | Killed Zijastu's ghost
 57463 | Crypt:2  | Reached XP level 25. HP: 203/204 MP: 28/40
 57611 | Crypt:3  | Entered Level 3 of the Crypt
 57691 | Crypt:3  | Found a staircase to the Tomb.
 58311 | Crypt:3  | Noticed Khufu
 58319 | Crypt:3  | Noticed a royal mummy
 58329 | Crypt:3  | Killed Khufu
 58332 | Crypt:3  | Killed a royal mummy
 59074 | Crypt:3  | Noticed a dread lich
 59082 | Crypt:3  | Killed a dread lich
 59555 | Elf:1    | Entered Level 1 of the Elven Halls
 59581 | Elf:1    | Found Ibbaven's Antique Armour Emporium.
 59966 | Elf:1    | Got the Folio of the Wasp
 60315 | Elf:1    | Learned a level 8 spell: Infestation
 60509 | Elf:2    | Found a shimmering blue altar of Sif Muna.
 60557 | Elf:2    | Reached skill level 21 in Armour
 60802 | Elf:2    | Found a runed translucent gate.
 60803 | Elf:2    | Found a runed translucent gate.
 60803 | Elf:2    | Found a runed translucent gate.
 60861 | Elf:2    | Found Dodwomu's General Store.
 61066 | Elf:3    | Entered Level 3 of the Elven Halls
 61274 | Elf:3    | Found Fiulen's Antique Weapon Shoppe.
 61581 | Elf:3    | Identified the +4 chain mail of Gozag, Shifting {Drain rC+
                  | Int+4}
 61640 | Elf:3    | Reached XP level 26. HP: 59/213 MP: 30/41
 61855 | Elf:3    | Identified the ring of Springtime {rF+ Str+3}
 61880 | Elf:3    | Identified the amulet of Abeh Borics {Acrobat Rampage
                  | Fragile Dex+8}
 61884 | Elf:3    | Found the crystal ball of Wucad Mu {*channel}
 61909 | Elf:3    | Identified the staff of fire "Unissull" {rF+ Will- rCorr
                  | Str+6}
 61913 | Elf:3    | Identified the +10 spear "Jeeseuku" {speed, Int+3}
 61916 | Elf:3    | Got Sif Muna's Omnibus of Ouranomancy and Infection
 61919 | Elf:3    | Identified the ring "Ritut" {rPois Int-5 Dex+6}
 61922 | Elf:3    | Identified the +1 robe "Xosyug" {Will+}
 61998 | Elf:3    | Got the Atlas of the Retinue
 62398 | Slime:1  | Entered Level 1 of the Pits of Slime
 62572 | Slime:3  | Gained mutation: You occasionally lose the ability to drink
                  | potions when taking damage. [a shining eye]
 62575 | Slime:3  | Gained mutation: You have hidden genetic defects. [a
                  | shining eye]
 62579 | Slime:3  | Gained mutation: Your system is resistant to poisons.
                  | (rPois) [a shining eye]
 62582 | Slime:3  | Gained mutation: You do not regenerate when monsters are
                  | visible. [a shining eye]
 62729 | Slime:2  | Lost mutation: You do not regenerate when monsters are
                  | visible. [potion of mutation]
 62729 | Slime:2  | Lost mutation: Your system is resistant to poisons. (rPois)
                  | [potion of mutation]
 62729 | Slime:2  | Lost mutation: You occasionally lose the ability to drink
                  | potions when taking damage. [potion of mutation]
 62729 | Slime:2  | Gained mutation: You are robust. (+10% HP) [potion of
                  | mutation]
 62729 | Slime:2  | Gained mutation: You are partially covered in iridescent
                  | scales. (AC +2) [potion of mutation]
 62729 | Slime:2  | Gained mutation: You are very robust. (+20% HP) [potion of
                  | mutation]
 62730 | Slime:2  | Lost mutation: You have hidden genetic defects. [potion of
                  | mutation]
 62730 | Slime:2  | Lost mutation: You are partially covered in iridescent
                  | scales. (AC +2) [potion of mutation]
 62730 | Slime:2  | Gained mutation: You occasionally lose the ability to drink
                  | potions when taking damage. [potion of mutation]
 62731 | Slime:2  | Lost mutation: You are very robust. (+20% HP) [potion of
                  | mutation]
 62731 | Slime:2  | Lost mutation: You occasionally lose the ability to drink
                  | potions when taking damage. [potion of mutation]
 62731 | Slime:2  | Lost mutation: You are robust. (+10% HP) [potion of
                  | mutation]
 62731 | Slime:2  | Gained mutation: You have an increased reservoir of magic.
                  | (+10% MP) [potion of mutation]
 62812 | Slime:5  | Entered Level 5 of the Pits of Slime
 62867 | Slime:5  | Noticed the Royal Jelly
 62903 | Slime:5  | Killed the Royal Jelly
 63304 | Slime:5  | Lost mutation: You have an increased reservoir of magic.
                  | (+10% MP) [a shining eye]
 63602 | Slime:5  | Identified the +1 battleaxe "Ikhos" {flame, rElec rN+ Str-4
                  | Int+4}
 63613 | Slime:5  | Identified the +1 falchion of Ucixog {heavy, rElec Str+4
                  | Dex+4}
 63632 | Slime:5  | Identified the ring of Noeprerch {Ice rPois SInv Stlth+}
 63652 | Slime:5  | Identified the +0 ring mail of Ywusuw {Rampage rC+ Will+}
 63683 | Slime:5  | Identified the staff of air "Geopp" {rElec rPois Str-3
                  | Dex+8}
 63691 | Slime:5  | Got a slimy rune of Zot
 64057 | Depths:1 | Voluntarily entered the Abyss.
 64107 | Abyss:2  | Found a corrupted altar of Lugonu.
 64296 | Abyss:3  | Found a corrupted altar of Lugonu.
 64462 | Abyss:3  | Noticed a dread lich
 64468 | Abyss:3  | Killed a dread lich
 64554 | Abyss:3  | Got an abyssal rune of Zot
 64560 | Depths:1 | Escaped the Abyss
 64750 | Hell     | Entered the Vestibule of Hell
 64750 | Hell     | Noticed Geryon
 64764 | Hell     | Reached XP level 27. HP: 169/222 MP: 0/41
 64918 | Hell     | Killed Geryon
 64928 | Hell     | Reached skill level 22 in Armour
 64967 | Hell     | Reached skill level 15 in Spellcasting
 65216 | Hell     | Found a gateway to the ashen valley of Gehenna.
 65418 | Hell     | Found a gateway to the Iron City of Dis.
 65693 | Hell     | Found a gateway to the freezing wastes of Cocytus.
 65777 | Hell     | Found a gateway to the decaying netherworld of Tartarus.
 66006 | Zot:1    | Entered Level 1 of the Realm of Zot
 66237 | Zot:1    | Identified the +7 spear of Revolt {drain, Dex+3 Stlth+}
 67418 | Zot:1    | Learned a level 8 spell: Borgnjor's Revivification
 67528 | Zot:2    | Found a stormy altar of Qazlal.
 67545 | Zot:2    | Found the +2 ratskin cloak {*Rats rPois rN+ Str-1 Int-1
                  | Dex+1}
 67807 | Zot:2    | Found a runed translucent gate.
 67807 | Zot:2    | Found a runed translucent gate.
 67807 | Zot:2    | Found a runed translucent gate.
 67807 | Zot:2    | Noticed Otwuhy's ghost (master GrBe)
 67807 | Zot:2    | Found the +10 Black Knight's barding {ponderous, rPois rN+}
 67834 | Zot:2    | Killed Otwuhy's ghost
 67845 | Zot:2    | Identified the +0 pair of boots of Xamaywo {Harm rCorr}
 68374 | Zot:3    | Found a transporter.
 68378 | Zot:3    | Found a transporter.
 68379 | Zot:3    | Identified the +2 cloak of Doomed Knowledge {rC+}
 68397 | Zot:3    | Identified the +2 cloak "Gothre Keud" {rC+ Int+3 Slay+3}
 69053 | Zot:3    | Noticed Wyzoinim's ghost (legendary GrMo)
 69055 | Zot:3    | Found a bloodstained altar of Trog.
 69595 | Zot:3    | Killed Wyzoinim's ghost
 69640 | Zot:3    | Identified the +0 hat "Elagaosh" {*Corrode rN++}
 69666 | Zot:3    | Learned a level 9 spell: Shatter
 70129 | Zot:4    | Reached skill level 23 in Armour
 71065 | Zot:5    | Entered Level 5 of the Realm of Zot
 71065 | Zot:5    | Noticed MrShunz's ghost (veteran VSBr)
 71065 | Zot:5    | Found the +0 mask of the Dragon {Will+ Slay+3 SInv}
 71103 | Zot:5    | Found a runed translucent door.
 71128 | Zot:5    | Killed MrShunz's ghost
 71444 | Zot:5    | Noticed a Killer Klown
 71448 | Zot:5    | Killed a Killer Klown
 71453 | Zot:5    | Noticed a Killer Klown
 71465 | Zot:5    | Killed a Killer Klown
 71465 | Zot:5    | Noticed a Killer Klown
 71474 | Zot:5    | Killed a Killer Klown
 71547 | Zot:5    | Noticed an orb of fire
 71551 | Zot:5    | Noticed a Killer Klown
 71559 | Zot:5    | Killed an orb of fire
 71561 | Zot:5    | Killed a Killer Klown
 71728 | Zot:5    | Noticed an orb of fire
 71730 | Zot:5    | Noticed a dread lich
 71732 | Zot:5    | Noticed a Killer Klown
 71733 | Zot:5    | Noticed a Killer Klown
 71734 | Zot:5    | Noticed a Killer Klown
 71735 | Zot:5    | Noticed a Killer Klown
 71737 | Zot:5    | Killed a dread lich
 71742 | Zot:5    | Killed a Killer Klown
 71744 | Zot:5    | Noticed a dread lich
 71746 | Zot:5    | Noticed a Killer Klown
 71747 | Zot:5    | Noticed an ancient lich
 71753 | Zot:5    | Killed a Killer Klown
 71756 | Zot:5    | Killed a Killer Klown
 71760 | Zot:5    | Killed a Killer Klown
 71776 | Zot:5    | Killed an orb of fire
 71779 | Zot:5    | Killed an ancient lich
 71813 | Zot:5    | Killed a Killer Klown
 71900 | Zot:5    | Killed a dread lich
 72420 | Vaults:5 | Entered Level 5 of the Vaults
 72427 | Vaults:5 | Reached skill level 24 in Armour
 72643 | Vaults:5 | Reached skill level 1 in Polearms
 72648 | Vaults:5 | Noticed a dread lich
 72786 | Vaults:5 | Killed a dread lich
 72803 | Vaults:5 | Noticed an ancient lich
 72805 | Vaults:5 | Killed an ancient lich
 72938 | Vaults:5 | Reached skill level 25 in Armour
 73079 | Vaults:5 | Identified the +5 war axe "Peoq Zesh" {heavy, rF+++ Str-4
                  | Dex-3 SInv}
 73244 | Vaults:5 | Found the +5 demon whip "Spellbinder" {antimagic, disrupt,
                  | Will+}
 73273 | Vaults:5 | Identified the staff of conjuration "Cyzyogg" {rElec}
 73398 | Vaults:5 | Got the Incunabulum of Illusion
 73906 | Vaults:5 | Identified the staff of fire "Kimoagyu" {rF+ rCorr Stlth+}
 73936 | Vaults:5 | Identified the +2 leather armour "Jifow" {Dex+3}
 74016 | Vaults:5 | Found Athel's Weapon Emporium.
 74095 | Vaults:5 | Identified the +8 orcbow of Mastery {drain, rElec rF+
                  | Str-3}
 74102 | Vaults:5 | Got a silver rune of Zot
 74175 | Vaults:5 | Identified the ring "Fotzafop" {AC+4 Int+3}
 74510 | Hell     | Learned a level 5 spell: Yara's Violent Unravelling
 74518 | Hell     | Learned a level 5 spell: Irradiate
 74519 | Dis:1    | Entered Level 1 of the Iron City of Dis
 75249 | Dis:3    | Reached skill level 5 in Polearms
 76065 | Dis:5    | Reached skill level 10 in Transmutations
 76554 | Dis:7    | Entered Level 7 of the Iron City of Dis
 76917 | Dis:7    | Reached skill level 26 in Armour
 77459 | Dis:7    | Noticed a juggernaut
 77471 | Dis:7    | Killed a juggernaut
 77472 | Dis:7    | HP: 11/235 [quicksilver elemental/bolt of dispelling energy
                  | (34)]
 77477 | Dis:7    | HP: 8/235 [??? (3)]
 77608 | Dis:7    | Learned a level 8 spell: Lehudib's Crystal Spear
 78101 | Dis:7    | Found the +6 lightning scales {swift, rElec}
 78226 | Dis:7    | Noticed a juggernaut
 78235 | Dis:7    | Killed a juggernaut
 78475 | Dis:7    | Noticed a juggernaut
 78486 | Dis:7    | Killed a juggernaut
 78570 | Dis:7    | Noticed Dispater
 78587 | Dis:7    | Killed Dispater
 78690 | Dis:7    | Identified the +6 orcbow of Tenacity {heavy, rC+}
 78692 | Dis:7    | Identified the +15 plate armour "Iddoivvir" {Rampage rPois
                  | rC+ Regen+ Stlth+}
 78694 | Dis:7    | Got an iron rune of Zot
 78696 | Dis:7    | Identified the +7 plate armour "Fabes" {Str+5 Slay-5}
 79036 | Orc:2    | Bought the +18 shield of the Gong {Loud rN+ Will+ rCorr
                  | EV-5} for 2685 gold pieces
 79036 | Orc:2    | Found the +18 shield of the Gong {Loud rN+ Will+ rCorr
                  | EV-5}
 79036 | Orc:2    | Bought a pair of glowing boots for 210 gold pieces
 79310 | Tar:1    | Entered Level 1 of Tartarus
 79480 | Tar:2    | Reached skill level 27 in Armour
 80311 | Tar:4    | Gained mutation: Your body sometimes deteriorates upon
                  | taking damage. [you]
 81080 | Tar:6    | Gained mutation: Armour fits poorly on your strangely
                  | shaped body. [you]
 81148 | Tar:6    | Reached skill level 10 in Dodging
 81430 | Tar:7    | Entered Level 7 of Tartarus
 81925 | Tar:7    | Engulfed by a putrid mouth's foul pestilence

Illustrated notes

Levels and vault maps discovered:
D:1:      saegor_arrival_miasma, layout_rooms, st_stairs_1, wad_floor_pattern_2
D:2:      layout_loops_ring, ebering_ecumenical_altar_sacrificial,
          guppyfry_early_orc_mine
D:3:      layout_loops_corners, nicolae_overflow_crystal_walls, serial_shops,
          nicolae_shop_gaudy_bauble, kennysheep_cluttered_room
D:4:      layout_loops_ring, cheibrodos_gnoll_hut, uniq_ijyb, uniq_pikel
D:5:      layout_cave_pools, serial_column_ruins, column_ruins_columns_straight,
          column_ruins_open_tiny_water, column_ruins_columns_straight,
          column_ruins_open_large, column_ruins_corridor_straight,
          column_ruins_grid_2
D:6:      layout_cave_pods, lemuel_crystal_altar, grunt_temple_overflow_open,
          grunt_decor_mini_mirrors, minmay_manual_mail
D:7:      layout_basic, grunt_temple_overflow_magic_moments,
          minmay_temple_entry_statues
D:8:      layout_rooms, serial_shops, shop, serial_bayou, serial_bayou_pond_e,
          serial_bayou_pond_d, serial_bayou_pond_e, serial_bayou_lagoon_b,
          serial_bayou_ford_a
D:9:      layout_small_grid, grunt_decor_fettered, minmay_between
D:10:     layout_roguey, mainiacjoe_overflow_tiny_flanked, special_room
          [special_room_orc]
D:11:     layout_small_grid, lair_entry_dummy, erik_orc_4, serial_shops, shop,
          small_chamber_with_monster, kennysheep_generic_room_14
D:12:     layout_loops_cross, grunt_ministairs_13
D:13:     layout_roguey [special_room_bee], portal_ice_cave_rime
D:14:     layout_gridville, skrybe_vaults_entry_preservation, serial_ice,
          serial_ice_i, serial_ice_d, serial_ice_o, serial_ice_a, serial_ice_b,
          serial_ice_m, st_stairs_14
D:15:     gammafunk_enter_depths_forms, layout_loops_corners,
          gauntlet_entry_generic, hangedman_decor_cross_pass
Temple:   nicolae_temple_ecumenical_triangle
Lair:1:   layout_hall_layers, pdpol_lair_cavern_descent
Lair:2:   layout_loops_ring, minmay_shoals_entry_centaurs,
          nicolae_snake_entry_warm_welcome, uniq_sonja
Lair:3:   layout_cave_pods
Lair:4:   layout_loops_ring, nicolae_volcano_entry_lava_flow,
          chequers_serial_rivers_small_a, kilobyte_rumbling_trees
Lair:5:   hangedman_lair_in_review, layout_hall_layers, slime_entry_1,
          basic_altar, infiniplex_staircase_pool_2
Shoals:1: layout_shoals, serial_shops, shop
Shoals:2: layout_shoals
Shoals:3: layout_shoals, serial_shops, shop, uniq_polyphemus, uniq_ilsuiw
Shoals:4: shoals_end_simple, layout_shoals, nicolae_shoals_wave_tunnel
Snake:1:  gammafunk_sealed_arena, layout_basic, nrook_guardian_serpent_double
Snake:2:  layout_honeycomb, nicolae_snake_serpentine_bazaar, uniq_jorgrun
Snake:3:  layout_gridlike, uniq_aizul, uniq_mara, uniq_asterion
Snake:4:  minmay_snake_end_coiled, layout_cave_town, minmay_shoptagon
Slime:1:  layout_caves, cheibrodos_slime_lost_civilization_7
Slime:2:  layout_caves
Slime:3:  layout_caves
Slime:4:  layout_caves, basic_altar, special_room [special_room_jelly],
          cheibrodos_slime_lost_civilization_4
Slime:5
Orc:1:    layout_caves, basic_altar, uniq_fannar, uniq_nergalle
Orc:2:    st_orc_elflike, layout_diamond_mine, uniq_maurice
Elf:1:    layout_geoelf_octagon, serial_shops, shop, minmay_elf_necromancy,
          solitary_fountain
Elf:2:    nicolae_elf_blades_crystal_corner, layout_loops_corners, serial_shops,
          shop, basic_altar
Elf:3:    elf_hall, layout_onion_city, serial_shops, nicolae_shop_peninsula,
          nrook_loot_triangle
Vaults:1: vaults_room_pool, gammafunk_dig_for_victory, v_misc_9,
          vaults_standard_mumra_lines, v_alt_pattern_6,
          nicolae_vaults_closet_pinwheel_6, ontoclasm_vaults_decontamination,
          vaults_mumra_hex, nicolae_vaults_tetromino_L_1,
          layout_vaults_big_cross, serial_shops, nicolae_shop_just_a_little_nook
Vaults:2: nicolae_vaults_offset_grid_hallway_2,
          nicolae_vaults_diagonal_hallway_8, nicolae_vaults_heart-shaped_vault,
          vaults_room_grid, grunt_vaults_swirl, hangedman_vaults_impose,
          nicolae_vaults_holding_cells, nicolae_vaults_little_squares_3,
          nicolae_vaults_more_shelving_1, layout_vaults_chaotic_city,
          serial_shops, nicolae_shop_back_alley_shop, uniq_nikola
Vaults:3: nicolae_vaults_meeting, v_misc_27, nicolae_vaults_steering_wheel,
          minmay_crypt_entry_necro_gods, nicolae_vaults_mini_display_case,
          nicolae_vaults_weapon_check, vaults_dpeg_emergency_exit,
          layout_vaults_omnigrid
Vaults:4: infiniplex_enter_wizlab_water, v_pattern_4,
          nicolae_vaults_network_barrier, nicolae_vaults_ninety_degrees,
          v_misc_13, nicolae_vaults_what_the_h, nicolae_vaults_swerve,
          hangedman_vaults_stretched_pinwheel, ontoclasm_vaults_ligature,
          nicolae_vaults_twisting_passages, nicolae_vaults_double_plus_2,
          vaults_mumra_hexcomb, layout_vaults_omnibox, serial_shops,
          nicolae_shop_hallway_stairs
Vaults:5: serial_shops
Crypt:1:  layout_basic, ebering_ghost_xom, grunt_crypt_arrival_split
Crypt:2:  layout_rooms, skrybe_necro_troll_2, lemuel_upstairs_altar
Crypt:3:  due_elkab, layout_chaotic_city, uniq_khufu
Depths:1: cheibrodos_cascadia, layout_twisted_cross, grunt_pan_entry_sceptre,
          abyss_entry, hell_entry, corexii_hall_statues_x, minmay_holes,
          nicolae_qazlal_style_of_elements, grunt_megastairs_4
Depths:2: minmay_expanding_squares, layout_cave_shapes, grunt_pan_entry_zigzag,
          minmay_staircase_statues_hall_large, hell_entry
Depths:3: grunt_deathspiral_small, layout_gridlike, hell_entry,
          marbit_kobold_abyss_entry, minmay_shop_grove, serial_bayou_shore_a
Depths:4: grunt_zot_entry_hairpin, layout_basic, enter_ziggurat_d, hell_entry,
          hangedman_abyss_entry_splay, nicolae_triple_integral, uniq_frederick,
          uniq_margery
Hell
Dis:1:    layout_subdivisions
Dis:2:    layout_subdivisions, nicolae_dis_distal_crystal
Dis:3:    layout_jigsaw
Dis:4:    layout_subdivisions
Dis:5:    layout_gridville
Dis:6:    layout_gridville, nicolae_hells_fiendish_ambush
Dis:7:    dis_grunt_layers
Tar:1:    layout_cathedral_of_symmetry
Tar:2:    layout_honeycomb, nicolae_tar_spectre_spectrum
Tar:3:    layout_honeycomb
Tar:4:    layout_grid_maze
Tar:5:    layout_grid_maze
Tar:6:    layout_honeycomb
Tar:7:    tar_mu [tar_mu_maze]
Zot:1:    layout_concentric_octagons, hangedman_hellfire_club
Zot:2:    layout_misc_corridors, basic_altar, gammafunk_ghost_ooze
Zot:3:    layout_basic, gammafunk_ghost_wrathful_warriors
Zot:4:    kennysheep_ambush_hall, layout_concentric_octagons
Zot:5:    layout_cellular_growth, hellmonk_ghost_big_iron

Skill      XL: |  1  2  3  4  5  6  7  8  9 10 11 12 13 14 15 16 17 18 19 20 21 22 23 24 25 26 27 |
---------------+----------------------------------------------------------------------------------+-----
Earth Magic    | 4 5 7 9 10 11 12 13 14 15 16 17 18 19 20 26 | 26.9
Fighting       | 1 2 4 5 6 7 8 9 10 11 12 13 14 15 16 17 18 19 24 | 24.0
Transmutations | 2 3 4 5 6 8 14 | 14.0
Spellcasting   | 3 5 7 8 9 10 11 12 13 14 20 | 20.5
Conjurations   | 2 3 4 5 6 7 9 10 12 | 12.0
Armour         | 4 6 7 9 10 11 13 15 16 17 18 19 20 21 27 | 27.0
Evocations     | 2 3 4 |  4.0
Dodging        | 2 4 6 7 10 | 10.9
Invocations    | 3 7 10 12 13 | 13.0
Shields        | 2 4 6 8 10 12 13 15 16 17 | 17.5
Necromancy     | 2 3 4 6 7 8 10 11 12 14 15 16 17 18 20 | 20.9
Summonings     | 3 5 7 8 9 10 12 | 12.0
Polearms       | 7 |  7.8
Stealth        | |  2.4

Action                     |  1- 3 |  4- 6 |  7- 9 | 10-12 | 13-15 | 16-18 | 19-21 | 22-24 | 25-27 || total
---------------------------+-------+-------+-------+-------+-------+-------+-------+-------+-------++-------
  Melee: Dagger            |     6 |       |       |       |    82 |    23 |       |       |       ||   111
         Staff             |     1 |    19 |     7 |   167 |   536 |  1632 |  1162 |  1521 |  3150 ||  8195
  Throw: Dart              |       |     1 |       |     3 |     8 |     3 |       |       |       ||    15
         Throwing net      |       |       |       |       |     2 |     1 |       |       |       ||     3
   Cast: Sandblast         |    44 |    80 |    87 |   355 |   587 |   153 |     2 |       |       ||  1308
         Passwall          |       |       |     3 |       |     2 |     9 |       |       |    15 ||    29
         Stone Arrow       |       |       |     2 |    34 |    90 |    72 |       |       |       ||   198
         Petrify           |       |       |     1 |       |       |       |       |       |       ||     1
         Borgnjor's Vile C |       |       |       |       |       |    52 |   103 |   128 |   319 ||   602
         Animate Armour    |       |       |       |       |       |    23 |    63 |    61 |   141 ||   288
         Sublimation of Bl |       |       |       |       |       |       |     4 |     3 |   174 ||   181
         Leda's Unmaking   |       |       |       |       |       |       |     5 |    26 |   155 ||   186
         Death Channel     |       |       |       |       |       |       |     1 |     5 |    18 ||    24
         Irradiate         |       |       |       |       |       |       |       |       |    20 ||    20
         Haunt             |       |       |       |       |       |       |       |       |    66 ||    66
         Infestation       |       |       |       |       |       |       |       |       |    24 ||    24
         Apportation       |       |       |       |       |       |       |       |       |     1 ||     1
         Shatter           |       |       |       |       |       |       |       |       |    65 ||    65
         Lehudib's Crystal |       |       |       |       |       |       |       |       |    32 ||    32
         Yara's Violent Un |       |       |       |       |       |       |       |       |     2 ||     2
         Borgnjor's Revivi |       |       |       |       |       |       |       |       |     1 ||     1
 Invoke: Bend Time         |       |       |       |     1 |       |       |       |     1 |     3 ||     5
         Slouch            |       |       |       |       |     6 |     6 |       |       |    20 ||    32
         Step From Time    |       |       |       |       |       |       |     1 |       |     1 ||     2
Ability: Dig               |       |       |     1 |     2 |     5 |     4 |     1 |     4 |     2 ||    19
  Evoke: Wand              |       |       |       |     1 |     5 |    17 |       |     5 |     2 ||    30
         Box of beasts     |       |       |       |       |       |     1 |       |       |     1 ||     2
         Phial of floods   |       |       |       |       |       |       |       |     1 |       ||     1
         Tin of tremorston |       |       |       |       |       |       |       |       |     1 ||     1
    Use: Scroll            |       |     3 |       |    14 |     8 |    17 |     3 |     1 |    12 ||    58
         Potion            |       |       |       |     1 |     6 |    17 |     3 |       |    18 ||    45
   Stab: Sleeping          |       |       |       |     1 |       |       |       |       |     1 ||     2
         Invisible         |       |       |       |       |     1 |     1 |       |       |       ||     2
         Held in net/web   |       |       |       |       |       |     4 |       |       |       ||     4
         Distracted        |       |       |       |       |       |     2 |     3 |     6 |    14 ||    25
 Armour: Robe              |     1 |       |       |       |       |       |       |       |       ||     1
         Leather armour    |     5 |     3 |    24 |    48 |       |       |       |       |       ||    80
         Ring mail         |       |    14 |       |       |       |       |       |       |       ||    14
         Scale mail        |       |       |       |    21 |    28 |       |       |       |       ||    49
         Acid dragon scale |       |       |       |    11 |       |       |       |       |       ||    11
         Crystal plate arm |       |       |       |       |   775 |   694 |   451 |   457 |  1241 ||  3618
  Dodge: Dodged            |    10 |    23 |    60 |   276 |   681 |   555 |   286 |   361 |   968 ||  3220
  Block: Buckler           |       |       |       |   108 |   483 |   288 |       |       |       ||   879
         Tower shield      |       |       |       |       |       |   901 |  1062 |  1346 |  2585 ||  5894
         Reflection        |       |       |       |       |       |   113 |    43 |    99 |    98 ||   353
         Kite shield       |       |       |       |       |       |       |       |       |   424 ||   424

Table legend: (Time is in decaauts)
 A = Elapsed time spent in this place.
 B = Non-inter-level travel time spent in this place.
 C = Inter-level travel time spent in this place.
 D = Time resting spent in this place.
 E = Time spent auto-exploring this place.
 F = Levels seen in this place.
 G = Mean time per level.
                   A        B        C        D        E       F      G
               +--------+--------+--------+--------+--------+-----+--------+
         Total | 121612 | 108063 |  13549 |  17538 |  61567 |  78 | 1559.1 |
       Dungeon |  26133 |  23196 |   2937 |   5174 |  13976 |  15 | 1742.2 |
        Temple |     27 |     17 |     10 |      0 |     11 |   1 |   27.0 |
          Lair |  13068 |  11345 |   1723 |   1631 |   8097 |   5 | 2613.6 |
        Shoals |   4706 |   4410 |    296 |    458 |   2189 |   4 | 1176.5 |
     Snake Pit |   9578 |   8804 |    774 |    814 |   5931 |   4 | 2394.5 |
    Slime Pits |   1728 |   1628 |    100 |    904 |      0 |   5 |  345.6 |
  Orcish Mines |   3856 |   2932 |    924 |    407 |   1920 |   2 | 1928.0 |
   Elven Halls |   4576 |   4262 |    314 |     76 |   2342 |   3 | 1525.3 |
        Vaults |  14280 |  11914 |   2366 |    975 |   7998 |   5 | 2856.0 |
         Crypt |   6269 |   5959 |    310 |    388 |   3583 |   3 | 2089.7 |
        Depths |  12249 |   9625 |   2624 |    931 |   6524 |   4 | 3062.2 |
          Hell |   1843 |   1732 |    111 |    177 |    951 |   1 | 1843.0 |
           Dis |   5736 |   5364 |    372 |   2136 |    259 |   7 |  819.4 |
      Tartarus |   3672 |   3392 |    280 |    562 |   1845 |   7 |  524.6 |
           Zot |   9089 |   8686 |    403 |    969 |   5310 |   5 | 1817.8 |
         Abyss |    834 |    834 |      0 |     14 |      0 |   3 |  278.0 |
      Ice Cave |   1800 |   1800 |      0 |   1231 |    140 |   1 | 1800.0 |
       Volcano |    670 |    670 |      0 |    229 |    137 |   1 |  670.0 |
        Wizlab |    791 |    791 |      0 |    260 |    119 |   1 |  791.0 |
      Gauntlet |    696 |    696 |      0 |    201 |    232 |   1 |  696.0 |
               +--------+--------+--------+--------+--------+-----+--------+

Top non-repeatable levels by time:
Depths:3: 4002 daAuts
 Snake:1: 3866 daAuts
Vaults:2: 3449 daAuts
Depths:1: 3319 daAuts
   Dis:7: 3243 daAuts
    D:14: 3180 daAuts
    D:15: 3013 daAuts
Vaults:3: 2961 daAuts
Vaults:1: 2938 daAuts
Depths:4: 2763 daAuts
Vaults:4: 2723 daAuts
  Lair:3: 2698 daAuts
  Lair:1: 2684 daAuts
   Orc:2: 2637 daAuts
  Lair:4: 2631 daAuts
